 Dungeon Crawl Stone Soup version 0.27-a0-1184-ge86db4a01e (webtiles) character file.

Game seed: 16069581271273486935

56 Wyvernaa the Shield-Bearer (level 4, 0/36 HPs)
             Began as a Formicid Fighter on May 18, 2021.
             Slain by a gnoll
             ... wielding a +0 flail
              (8 damage)
             ... on level 2 of the Dungeon.
             The game lasted 00:02:57 (1212 turns).

Wyvernaa the Shield-Bearer (Formicid Fighter)       Turns: 1212, Time: 00:02:57

Health: 0/36       AC:  9    Str: 21    XL:     4   Next: 15%
Magic:  4/4        EV:  8    Int:  8    God:
Gold:   55         SH: 10    Dex: 10    Spells: 3/3 levels left

rFire    . . .     SeeInvis +   a - +1 trident
rCold    . . .     Faith    .   c - +1 kite shield
rNeg     . . .     Spirit   .   b - +0 scale mail
rPois    .         Reflect  .   (helmet unavailable)
rElec    .         Harm     .   n - +0 cloak
rCorr    .         Rampage  .   (no gloves)
Will     .....                  m - +0 pair of boots
Stlth    ..........             (no amulet)
HPRegen  0.12/turn              (no ring)
MPRegen  0.09/turn              (no ring)

@: mighty
A: permanent stasis, dig shafts and tunnels, antennae 3, four strong arms
a: Dig, Shaft Self


You were on level 2 of the Dungeon.
You visited 1 branch of the dungeon, and saw 2 of its levels.

You collected 55 gold pieces.

Inventory:

Hand Weapons
 a - a +1 trident (weapon)
Missiles
 e - 8 atropa-tipped darts
Armour
 b - a +0 scale mail (worn)
 c - a +1 kite shield (worn)
 m - a +0 pair of boots (worn)
 n - a +0 cloak (worn)
Potions
 f - a potion of lignification
 h - 2 potions of heal wounds {unknown}
 i - a potion of cancellation


   Skills:
 + Level 3.6 Fighting
 * Level 2.7 Polearms
 + Level 3.7 Armour
 + Level 0.1 Dodging
 * Level 4.4 Shields


You had 3 spell levels left.
You didn't know any spells.
Your spell library was empty.

Dungeon Overview and Level Annotations

Branches:
Dungeon (2/15)

Altars:


Innate Abilities, Weirdness & Mutations

You cannot be hasted, slowed, berserked, paralysed or teleported.
You can dig through walls and to a lower floor.
You have a pair of large antennae on your head. (SInv)
Your four strong arms can wield two-handed weapons with a shield.


Message History

The hobgoblin is severely wounded.
The hobgoblin hits you but does no damage.
The hobgoblin barely misses you.
You puncture the hobgoblin!
You kill the hobgoblin!
No target in view!
No target in view!
No target in view!
No target in view!
Found a leather armour.
You sense a monster nearby. 2 gnolls come into view.
The gnoll shouts! x2
A gnoll comes into view. It is wielding a +0 halberd.
The gnoll hits you from afar with a +0 halberd!
Okay, then.
You extend your mandibles.
You dig through the rock wall.
You dig through the rock wall.
You dig through the rock wall.
You feel very mighty all of a sudden.
You retract your mandibles.
You closely miss the gnoll. The gnoll hits you with a +0 halberd.
The gnoll barely misses you.
You puncture the gnoll!
The gnoll is almost dead.
You block the gnoll's attack.
You puncture the gnoll!
You kill the gnoll!
The gnoll hits you with a +0 flail.
You have reached level 4!
You feel clever.
You barely miss the gnoll. The gnoll hits you with a +0 flail.
* * * LOW HITPOINT WARNING * * *
You closely miss the gnoll. The gnoll hits you but does no damage.
You puncture the gnoll!
The gnoll is severely wounded.
The gnoll hits you with a +0 flail.
* * * LOW HITPOINT WARNING * * *
The gnoll hits you with a +0 flail!
You die...

#.......+.........
#.......##...)..†.
#.......##.###.###
...^....†....g....
##########...#.###
#...#.#
#######...#.#
####..g....###.#
#@#.g####..###.###
##g#.# #.........
###.####.####.###
#.#.......#.# {{
..#.##.##.#.#
###.##.##.#.#
#.##†##.#.#
#######.##.##.#.#
.....).....##.#.###


You could see a gnoll.

Vanquished Creatures
  2 gnolls
  An adder (D:2)
  3 ball pythons
  An endoplasm (D:2)
  A giant cockroach (D:2)
  4 goblins
  4 hobgoblins
  3 jackals (D:1)
  3 bats (D:1)
  2 frilled lizards (D:2)
  A kobold (D:1)
  A rat (D:1)
26 creatures vanquished.

Notes
Turn   | Place    | Note
-------+----------+-------------------------------------------
     0 | D:1      | Wyvernaa the Formicid Fighter began the quest for the Orb.
     0 | D:1      | Reached XP level 1. HP: 18/18 MP: 1/1
   332 | D:1      | Reached XP level 2. HP: 24/24 MP: 2/2
   389 | D:1      | Reached skill level 4 in Shields
   664 | D:1      | Found a faded altar of an unknown god.
   686 | D:1      | Reached XP level 3. HP: 29/29 MP: 3/3
  1210 | D:2      | Reached XP level 4. HP: 12/36 MP: 4/4
  1212 | D:2      | Slain by a gnoll

Illustrated notes

Levels and vault maps discovered:
D:1:      dpeg_arrival_tiny_e, layout_basic, basic_ecumenical_altar,
          wad_floor_pattern_untrapped, minmay_misc_feat_pillars,
          minmay_hexomino_c4
D:2:      layout_basic

Skill      XL: |  1  2 |
---------------+-------+-----
Shields        | 4 |  4.4
Fighting       | |  3.6
Polearms       | |  2.7
Armour         | |  3.7
Dodging        | |  0.1

Action                   |  1- 3 |  4- 6 || total
-------------------------+-------+-------++-------
Melee: Trident           |    83 |     3 ||    86
 Abil: Dig               |     3 |       ||     3
  Use: Scroll            |     7 |       ||     7
       Potion            |     1 |       ||     1
 Stab: Distracted        |     1 |       ||     1
Armor: Scale mail        |    17 |     1 ||    18
Dodge: Dodged            |    15 |       ||    15
Block: Kite shield       |    28 |       ||    28

Table legend: (Time is in decaauts)
 A = Elapsed time spent in this place.
 B = Non-inter-level travel time spent in this place.
 C = Inter-level travel time spent in this place.
 D = Time resting spent in this place.
 E = Time spent auto-exploring this place.
 F = Levels seen in this place.
 G = Mean time per level.
                   A        B        C        D        E       F      G
               +--------+--------+--------+--------+--------+-----+--------+
         Total |   1243 |   1232 |     11 |    200 |    745 |   2 |  621.5 |
       Dungeon |   1243 |   1232 |     11 |    200 |    745 |   2 |  621.5 |
               +--------+--------+--------+--------+--------+-----+--------+

Top non-repeatable levels by time:
     D:1: 992 daAuts
     D:2: 251 daAuts
